 Dungeon Crawl Stone Soup version 0.28-a0-224-g76b539d98b (webtiles) character file.

Game seed: 9445636944747500200

404 Gargoyl the Skirmisher (level 6, -1/53 HPs)
             Began as a Gnoll Abyssal Knight on Aug 21, 2021.
             Was a Believer of Lugonu.
             Slain by an orc wizard (14 damage)
             ... on level 3 of the Dungeon.
             The game lasted 00:04:08 (3955 turns).

Gargoyl the Skirmisher (Gnoll Abyssal Knight)       Turns: 3955, Time: 00:04:08

Health: -1/53      AC:  9    Str: 14    XL:     6   Next: 86%
Magic:  9/9        EV:  9    Int: 11    God:    Lugonu [**....]
Gold:   102        SH:  0    Dex: 11    Spells: 9/9 levels left

rFire   + . .      SeeInvis .   h - +2 hand axe (flame)
rCold   + . .      Faith    .   b - +0 buckler {rPois}
rNeg    . . .      Spirit   .   q - +0 scale mail
rPois   +          Reflect  .   (no helmet)
rElec   .          Harm     .   (no cloak)
rCorr   .          Rampage  .   p - +1 pair of gloves
Will    .....                   (no boots)
Stlth   ..........              (no amulet)
HPRegen 0.17/turn               c - ring of protection from fire
MPRegen 0.11/turn               n - ring of protection from cold

@: confused
A: fangs 1, strong nose, distributed training
a: Renounce Religion, Depart the Abyss, Bend Space


You were on level 3 of the Dungeon.
You worshipped Lugonu.
Lugonu was pleased with you.
You visited 1 branch of the dungeon, and saw 3 of its levels.
You visited the Abyss 1 time.

You collected 102 gold pieces.

Inventory:

Hand Weapons
 a - a +2 hand axe
 h - a +2 hand axe of flaming (weapon)
Missiles
 g - 35 poisoned darts (quivered)
Armour
 b - a +0 buckler of poison resistance (worn)
 p - a +1 pair of gloves (worn)
 q - a +0 scale mail (worn)
Jewellery
 c - a ring of protection from fire (left hand)
 n - a ring of protection from cold (right hand)
Wands
 s - a wand of iceblast (11)
Scrolls
 d - 2 scrolls of magic mapping
 j - a scroll of amnesia {unknown}
 l - a scroll of fear {unknown}
 m - 2 scrolls of enchant armour {unknown}
 o - a scroll of holy word {unknown}
 u - a scroll of noise {unknown}
 v - 2 scrolls of identify
Potions
 e - a potion of invisibility {unknown}
 f - a potion of degeneration {unknown}
 i - a potion of curing
 k - a potion of heal wounds {unknown}
 r - a potion of flight
 t - a potion of magic {unknown}


   Skills:
 + Level 6.9 Fighting
 + Level 2.1 Short Blades
 + Level 2.1 Long Blades
 + Level 5.0 Axes
 + Level 2.1 Maces & Flails
 + Level 2.1 Polearms
 + Level 2.1 Staves
 + Level 2.1 Slings
 + Level 2.1 Bows
 + Level 2.1 Crossbows
 + Level 2.1 Throwing
 + Level 5.0 Armour
 + Level 3.3 Dodging
 + Level 2.1 Stealth
 + Level 2.1 Shields
 + Level 2.1 Unarmed Combat
 + Level 2.1 Spellcasting
 + Level 1.7 Conjurations
 + Level 1.7 Hexes
 + Level 1.7 Summonings
 + Level 1.7 Necromancy
 + Level 1.7 Translocations
 + Level 1.7 Transmutations
 + Level 1.7 Fire Magic
 + Level 1.7 Ice Magic
 + Level 1.7 Air Magic
 + Level 1.7 Earth Magic
 + Level 1.7 Poison Magic
 + Level 5.2 Invocations
 + Level 2.1 Evocations


You had 9 spell levels left.
You didn't know any spells.
Your spell library contained the following spells:

 Spells                   Type           Power      Damage    Failure   Level
 Fireball                 Conj/Fire      2%         3d4       100%        5
 Starburst                Conj/Fire      2%         6d3       100%        6
 Ignition                 Fire           2%         3d3       100%        8


Dungeon Overview and Level Annotations

Branches:
Dungeon (3/15)

Altars:
Elyvilon
Kikubaaqudgha
Nemelex Xobeh
Qazlal
Ru
Sif Muna
Trog
Uskayaw
Yredelemnul
The Shining One


Innate Abilities, Weirdness & Mutations

You have very sharp teeth.
Your uncanny sense of smell can sniff out nearby items.
Your experience applies equally to all skills.


Message History

You see here a +0 dagger.
You enter the shallow water.
Moving in this stuff is going to be slow.
Found a shimmering blue altar of Sif Muna.
You open the door. 2 orc wizards come into view.
An orc wizard is wielding a +2 dagger of electrocution and wearing a +0 robe of cold resistance.
The orc wizard shouts! x2
Your scale mail prevents you from hitting the orc wizard.
The orc wizard closely misses you.
You hit the orc wizard but do no damage.
Your bite misses the orc wizard. The orc wizard casts a spell at you.
You are confused.
You bump into the metal wall.
The orc wizard hits you with a +2 dagger of electrocution.
You are electrocuted!!
You're too confused to move!
The orc wizard hits you but does no damage.
You bump into the granite statue.
The orc wizard closely misses you.
You bump into the metal wall.
The orc wizard hits you but does no damage.
You hit the orc wizard. You burn the orc wizard.
The orc wizard is heavily wounded.
The orc wizard hits you but does no damage.
You are electrocuted!!
* * * LOW HITPOINT WARNING * * *
You miss the orc wizard.
The orc wizard is heavily wounded.
The orc wizard closely misses you.
You feel less confused.
The orc wizard casts a spell.
The orc wizard flickers and vanishes!
Deactivating autopickup; reactivate with Ctrl-A.
The orc wizard points at you and mumbles some strange words.
You hear some strange, mumbled words.
You are confused.
You bump into the metal wall.
Something hits you but does no damage.
You are electrocuted!
You die...

##.####.########
#.##.###.# #.# ###
#.#....... #.#####≈##
#.#.)####. #..##≈≈≈≈≈##
#.#..# #. #.##≈≈≈≈≈≈≈##
#.#..####. #.#≈
....≈≈≈# #.#.......
###≈.# ##≈≈≈####
#.#..#####
##..##8.8.8###.#.......
#_..o{@...)....#.######
##..##8.8.8#####.# ≈.#
##≈≈≈#### #.######
≈≈....≈≈≈# ##.......
#######≈≈≈≈≈≈≈##
##.#.#####
#.....##≈≈≈≈≈##
##.###.####
#.....>###≈## #.##
##...# #........##
##.###.##.# #.........#
##.#.###.#


You could see an orc wizard.

Vanquished Creatures
  Grinder (D:3)
  An orc priest (D:3)
  Ijyb (D:3)
  Terence (D:3)
  7 adders
  3 worms (D:3)
  3 dart slugs
  3 orcs (D:3)
  8 ball pythons
  4 bats
  7 endoplasms
  A giant cockroach (D:2)
  7 goblins
  4 hobgoblins
  2 kobolds (D:1)
  2 quokkas (D:2)
  2 frilled lizards (D:2)
  7 rats
64 creatures vanquished.

Notes
Turn   | Place    | Note
-------+----------+-------------------------------------------
     0 | Abyss:1  | Gargoyl the Gnoll Abyssal Knight began the quest for the
                  | Orb.
     0 | Abyss:1  | Reached XP level 1. HP: 23/23 MP: 3/3
    60 | Abyss:1  | Found a corrupted altar of Lugonu.
    64 | Abyss:1  | Found a corrupted altar of Lugonu.
   218 | Abyss:1  | Found a corrupted altar of Lugonu.
   350 | Abyss:1  | Noticed a necromancer
   365 | Abyss:2  | Found a hide-covered altar of Uskayaw.
   390 | Abyss:2  | Noticed a thrashing horror
   393 | D:1      | Escaped the Abyss
   690 | D:1      | Reached XP level 2. HP: 24/29 MP: 5/5
   901 | D:1      | Reached * piety under Lugonu
   904 | D:1      | Found a faded altar of an unknown god.
  1421 | D:1      | Reached XP level 3. HP: 35/35 MP: 6/6
  1797 | D:2      | Reached skill level 1 in Short Blades
  1797 | D:2      | Reached skill level 1 in Long Blades
  1797 | D:2      | Reached skill level 1 in Maces & Flails
  1797 | D:2      | Reached skill level 1 in Polearms
  1797 | D:2      | Reached skill level 1 in Staves
  1797 | D:2      | Reached skill level 1 in Slings
  1797 | D:2      | Reached skill level 1 in Bows
  1797 | D:2      | Reached skill level 1 in Crossbows
  1797 | D:2      | Reached skill level 1 in Throwing
  1797 | D:2      | Reached skill level 1 in Stealth
  1797 | D:2      | Reached skill level 1 in Shields
  1797 | D:2      | Reached skill level 1 in Unarmed Combat
  1797 | D:2      | Reached skill level 1 in Spellcasting
  1797 | D:2      | Reached skill level 1 in Evocations
  1931 | D:2      | Reached XP level 4. HP: 41/41 MP: 7/7
  2281 | D:3      | Noticed Terence
  2314 | D:3      | Killed Terence
  2315 | D:3      | Reached skill level 1 in Conjurations
  2315 | D:3      | Reached skill level 1 in Hexes
  2315 | D:3      | Reached skill level 1 in Summonings
  2315 | D:3      | Reached skill level 1 in Necromancy
  2315 | D:3      | Reached skill level 1 in Translocations
  2315 | D:3      | Reached skill level 1 in Transmutations
  2315 | D:3      | Reached skill level 1 in Fire Magic
  2315 | D:3      | Reached skill level 1 in Ice Magic
  2315 | D:3      | Reached skill level 1 in Air Magic
  2315 | D:3      | Reached skill level 1 in Earth Magic
  2315 | D:3      | Reached skill level 1 in Poison Magic
  2466 | D:3      | Identified a scroll of acquirement
  2466 | D:3      | Acquired a +0 buckler of poison resistance
  2492 | D:3      | Reached XP level 5. HP: 20/47 MP: 8/8
  2738 | D:3      | Noticed Grinder
  2742 | D:3      | Paralysed by Grinder for 6 turns
  2757 | D:3      | Killed Grinder
  2758 | D:3      | Reached skill level 5 in Axes
  2758 | D:3      | Reached skill level 5 in Armour
  2758 | D:3      | Reached skill level 5 in Invocations
  2758 | D:3      | Reached XP level 6. HP: 32/53 MP: 9/9
  2949 | D:3      | Found a stormy altar of Qazlal.
  2997 | D:3      | Found an ancient bone altar of Kikubaaqudgha.
  3078 | D:3      | Found a basalt altar of Yredelemnul.
  3078 | D:3      | Found a bloodstained altar of Trog.
  3078 | D:3      | Found a hide-covered altar of Uskayaw.
  3089 | D:3      | Found a sacrificial altar of Ru.
  3089 | D:3      | Found a white marble altar of Elyvilon.
  3089 | D:3      | Found a sparkling altar of Nemelex Xobeh.
  3090 | D:3      | Found a glowing golden altar of the Shining One.
  3128 | D:3      | Reached ** piety under Lugonu
  3164 | D:3      | Noticed Ijyb
  3178 | D:3      | Killed Ijyb
  3941 | D:3      | Found a shimmering blue altar of Sif Muna.
  3955 | D:3      | Slain by an orc wizard

Illustrated notes

Levels and vault maps discovered:
D:1:      lightli_arrival_chessboard, layout_basic,
          ebering_ecumenical_altar_mist
D:2:      layout_rooms, minmay_tall_x
D:3:      layout_loops_ring, grunt_temple_overflow_open,
          kennysheep_orc_sif_temple, lemuel_coloured_pillars_altar,
          grunt_qazlal_clouds, uniq_ijyb, uniq_grinder, uniq_terence

Skill      XL: |  1  2  3  4  5 |
---------------+----------------+-----
Short Blades   | 1 2 |  2.1
Long Blades    | 1 2 |  2.1
Maces & Flails | 1 2 |  2.1
Polearms       | 1 2 |  2.1
Staves         | 1 2 |  2.1
Slings         | 1 2 |  2.1
Bows           | 1 2 |  2.1
Crossbows      | 1 2 |  2.1
Throwing       | 1 2 |  2.1
Stealth        | 1 2 |  2.1
Shields        | 1 2 |  2.1
Unarmed Combat | 1 2 |  2.1
Spellcasting   | 1 2 |  2.1
Evocations     | 1 2 |  2.1
Conjurations   | 1 |  1.7
Hexes          | 1 |  1.7
Summonings     | 1 |  1.7
Necromancy     | 1 |  1.7
Translocations | 1 |  1.7
Transmutations | 1 |  1.7
Fire Magic     | 1 |  1.7
Ice Magic      | 1 |  1.7
Air Magic      | 1 |  1.7
Earth Magic    | 1 |  1.7
Poison Magic   | 1 |  1.7
Axes           | 5 |  5.0
Armour         | 5 |  5.0
Dodging        | 3 |  3.3
Invocations    | 5 |  5.2
Fighting       | |  6.9

Action                   |  1- 3 |  4- 6 || total
-------------------------+-------+-------++-------
Melee: Hand axe          |    80 |   128 ||   208
       Bite              |     4 |     8 ||    12
       Punch             |     1 |       ||     1
Throw: Dart              |       |    14 ||    14
Invok: Depart the Abyss  |     1 |       ||     1
  Use: Scroll            |     7 |     2 ||     9
       Potion            |       |     2 ||     2
Armor: Leather armour    |    19 |     4 ||    23
       Skin              |       |    16 ||    16
       Scale mail        |       |    38 ||    38
Dodge: Dodged            |    60 |    32 ||    92
Block: Buckler           |       |    10 ||    10

Table legend: (Time is in decaauts)
 A = Elapsed time spent in this place.
 B = Non-inter-level travel time spent in this place.
 C = Inter-level travel time spent in this place.
 D = Time resting spent in this place.
 E = Time spent auto-exploring this place.
 F = Levels seen in this place.
 G = Mean time per level.
                   A        B        C        D        E       F      G
               +--------+--------+--------+--------+--------+-----+--------+
         Total |   3972 |   3923 |     49 |    401 |   2819 |   5 |  794.4 |
       Dungeon |   3579 |   3530 |     49 |    362 |   2527 |   3 | 1193.0 |
         Abyss |    393 |    393 |      0 |     39 |    292 |   2 |  196.5 |
               +--------+--------+--------+--------+--------+-----+--------+

Top non-repeatable levels by time:
     D:3: 1684 daAuts
     D:1: 1162 daAuts
     D:2: 731 daAuts
 Abyss:1: 352 daAuts
 Abyss:2: 40 daAuts
